 Dungeon Crawl Stone Soup version 0.21-a0-286-g6fcecc0 (webtiles) character file.

23 Teas the Sneak (level 2, -6/13 HPs)
             Began as a Spriggan Enchanter on Sept 27, 2017.
             Killed from afar by Natasha (8 damage)
             ... with a magic dart
             ... on level 2 of the Dungeon.
             The game lasted 00:03:01 (1201 turns).

Teas the Sneak (Spriggan Enchanter)                 Turns: 1201, Time: 00:03:02

Health: -6/13      AC:  2    Str:  4    XL:     2   Next: 72%
Magic:  2/7        EV: 18    Int: 21    God:
Gold:   59         SH:  0    Dex: 16    Spells: 5/8 levels left

rFire    . . .     SeeInvis +   i - +0 dagger (freeze)
rCold    . . .     Gourm    .   (shield restricted)
rNeg     . . .     Faith    .   b - +0 robe
rPois    .         Spirit   .   (helmet restricted)
rElec    .         Reflect  .   (no cloak)
rCorr    .         Harm     .   (gloves unavailable)
MR       .....                  (boots unavailable)
Stlth    +++.......             (no amulet)
HPRegen  0.04/turn              f - ring of flight
MPRegen  0.10/turn              (no ring)

@: brilliant, very slightly contaminated, very quick
A: unfitting armour, see invisible, herbivore 3, speed 3, slow metabolism 2
a: Evoke Flight


You were on level 2 of the Dungeon.
You were not hungry.

You visited 1 branch of the dungeon, and saw 2 of its levels.

You collected 59 gold pieces.

Inventory:

Hand Weapons
 a - a +1 dagger
 i - a +0 dagger of freezing (weapon)
Armour
 b - a +0 robe (worn)
Jewellery
 f - a ring of flight (left hand)
Scrolls
 j - a scroll of remove curse
Books
 c - a book of Maledictions

   Spells                             Type                      Level
   a - Corona                         Hexes                        1
   b - Ensorcelled Hibernation        Hexes/Ice                    2
   c - Confuse                        Hexes                        3
   d - Tukima's Dance                 Hexes                        3
   e - Dazzling Spray                 Conjuration/Hexes            3
Comestibles
 d - a bread ration


   Skills:
 - Level 1.1 Short Blades
 - Level 3.0 Dodging
 - Level 4.4 Stealth
 + Level 3.6 Spellcasting
 + Level 4.2 Hexes


You had 5 spell levels left.
You knew the following spells:

 Your Spells              Type           Power        Failure   Level  Hunger
a - Ensorcelled Hibernat  Hex/Ice        ####..       1%          2    ##.....
b - Corona                Hex            ####...      1%          1    None


Dungeon Overview and Level Annotations

Branches:
Dungeon (2/15)

Altars:

Annotations:
D:2 Natasha


Innate Abilities, Weirdness & Mutations

You are very small and have problems with some larger weapons.
You are too small for most types of armour.
You have supernaturally acute eyesight. (SInv)
You are a herbivore.
You cover ground extremely quickly.
You need consume almost no food.


Message History

The crimson imp hits you.
You hit Natasha. You freeze Natasha.
Natasha is almost dead.
Natasha misses you. The crimson imp hits you.
* * * LOW HITPOINT WARNING * * *
You hit Natasha but do no damage.
Natasha is almost dead.
Natasha barely misses you.
You closely miss Natasha.
Natasha is almost dead.
The crimson imp completely misses you.
Natasha mumbles some strange words.
Unknown command.
You hit Natasha but do no damage.
Natasha is almost dead.
The crimson imp barely misses you.
Natasha stares at you and mumbles some strange words.
The magic dart hits you!
Ouch! That really hurt!
You die...

(......# ..รท....#
.)....## .......######
............##
........###..#
........## #.#### .#$
.........###...5###.....
......##....###5@h......
.....######...##....##..
###### ###.##.#.....#
.......#... .##.....##
.. .# ...... ... #
....... ####.# .......
.....##


You could see Natasha and 2 crimson imps.

Vanquished Creatures
  An adder (D:2)
  An ooze (D:1)
  A leopard gecko (D:1)
  A goblin (D:2)
  2 hobgoblins (D:2)
  A kobold (D:1)
  2 rats (D:1)
9 creatures vanquished.

Notes
Turn   | Place    | Note
-------+----------+-------------------------------------------
     0 | D:1      | Teas the Spriggan Enchanter began the quest for the Orb.
     0 | D:1      | Reached XP level 1. HP: 9/9 MP: 5/5
   415 | D:1      | Reached XP level 2. HP: 13/13 MP: 7/7
   419 | D:1      | Learned a level 2 spell: Ensorcelled Hibernation
  1177 | D:2      | Noticed Natasha
  1196 | D:2      | Noticed a crimson imp
  1201 | D:2      | Noticed a crimson imp
  1201 | D:2      | Killed from afar by Natasha

Vault maps used:
D:1:      shiori_shiawase
D:2:      uniq_natasha

Skill      XL: |  1 |
---------------+----+-----
Spellcasting   | 3 |  3.6
Hexes          | 4 |  4.2
Short Blades   | |  1.1
Dodging        | |  3.0
Stealth        | |  4.4

Action                   || total
-------------------------++-------
Melee: Dagger            ||    65
 Cast: Corona            ||     5
       Ensorcelled Hiber ||     6
  Use: Scroll            ||     3
       Potion            ||     3
 Stab: Sleeping          ||     2
Armor: Robe              ||     4
Dodge: Dodged            ||    58

Table legend:
 A = Spawn XP
 B = Non-spawn XP
 C = Spawn XP percentage of total XP
 D = Spawn monster count
 E = Non-spawn monster count
 F = Spawn count percentage of total count
 G = Total turns spent on level
                    A         B        C        D         E        F      G
               +---------+---------+-------+---------+---------+-------+---------
         Total |       0 |      33 |   0.0 |       0 |       9 |   0.0 |  1201
               +---------+---------+-------+---------+---------+-------+---------
           D:1 |       0 |      13 |   0.0 |       0 |       5 |   0.0 |   497
           D:2 |       0 |      20 |   0.0 |       0 |       4 |   0.0 |   704
               +---------+---------+-------+---------+---------+-------+---------
